 Dungeon Crawl Stone Soup version 0.26-a0-540-g8a0c9464d7 (webtiles) character file.

Game seed: 2900129764566935888

10213 Apogee the Grappler (level 11, -10/113 HPs)
             Began as a Troll Hunter on Aug 21, 2020.
             Was an Elder of Trog.
             Killed from afar by an electric eel (15 damage)
             ... with a bolt of electricity
             ... on level 11 of the Dungeon.
             The game lasted 00:14:26 (9341 turns).

Apogee the Grappler (Troll Hunter)                  Turns: 9341, Time: 00:14:27

Health: -10/113    AC:  9    Str: 25    XL:     11   Next: 33%
Magic:  10/10      EV: 13    Int:  7    God:    Trog [****..]
Gold:   673        SH:  5    Dex: 16    Spells: 10/10 levels left

rFire    . . .     SeeInvis +     - Unarmed
rCold    . . .     Faith    .   (no shield)
rNeg     . . .     Spirit   .   T - +0 troll leather armour
rPois    .         Reflect  +   (helmet restricted)
rElec    .         Harm     .   x - +0 cloak
rCorr    .                      (gloves unavailable)
MR       .....                  (boots unavailable)
Stlth    +.........             D - amulet of reflection
HPRegen  1.08/turn              B - +6 ring of dexterity
MPRegen  0.12/turn              z - ring of see invisible

@: berserk cooldown, slowed, very slow
A: large, unfitting armour, claws 3, regeneration 1, shaggy fur 1, tough skin 3
a: Berserk, Trog's Hand, Brothers in Arms, Renounce Religion


You were on level 11 of the Dungeon.
You worshipped Trog.
Trog was greatly pleased with you.
You visited 1 branch of the dungeon, and saw 11 of its levels.

You collected 673 gold pieces.

Inventory:

Hand Weapons
 a - a +0 short sword
 s - a +0 giant club
   (You took it off an ogre on level 4 of the Dungeon)
 y - a +0 giant spiked club
   (You took it off an ogre on level 4 of the Dungeon)
 H - a +3 scimitar of flaming
   (You took it off Erica on level 8 of the Dungeon)
 O - the +9 shortbow of Ibeewoic {freeze, +Fly, unknown}
   (You found it on level 10 of the Dungeon)

   It causes projectiles fired from it to freeze those they strike, causing
   extra injury to most foes and up to half again as much damage against
   particularly susceptible opponents.
   They can also slow down cold-blooded creatures.
   It lets you fly.
 P - the +8 dagger "Orb Guardian's Peril" {flame, rN+ Int-2 Stlth+, unknown}
   (You found it on level 10 of the Dungeon)

   It has been specially enchanted to burn those struck by it, causing extra
   injury to most foes and up to half again as much damage against particularly
   susceptible opponents.
   It affects your intelligence (-2).
   It protects you from negative energy.
   It makes you more stealthy.
Missiles
 c - 5 large rocks (quivered)
 d - 3 throwing nets {!f}
 h - 332 stones
 i - 48 poisoned darts
Armour
 x - a +0 cloak (worn)
   (You found it on level 5 of the Dungeon)
 T - a +0 troll leather armour (worn)
   (You found it on level 11 of the Dungeon)
Jewellery
 l - an uncursed ring of protection from magic
   (You took it off a gnoll on level 8 of the Dungeon)
 p - an uncursed ring of ice
   (You found it on level 3 of the Dungeon)
 q - an uncursed amulet of the acrobat
   (You found it on level 3 of the Dungeon)
 z - a ring of see invisible (right claw)
   (You found it on level 6 of the Dungeon)
 B - a +6 ring of dexterity (left claw)
   (You found it on level 6 of the Dungeon)
 C - an uncursed ring of flight
   (You found it on level 7 of the Dungeon)
 D - an amulet of reflection (around neck)
   (You found it on level 8 of the Dungeon)
 F - an uncursed ring of fire
   (You found it on level 8 of the Dungeon)
 R - an uncursed amulet of regeneration {unknown}
   (You found it on level 10 of the Dungeon)
Wands
 f - a wand of enslavement (11)
   (You found it on level 9 of the Dungeon)
 t - a wand of flame (52)
   (You found it on level 5 of the Dungeon)
 v - a wand of digging (2)
   (You found it on level 9 of the Dungeon)
Scrolls
 g - 6 scrolls of teleportation {@r4}
 k - 5 scrolls of remove curse {@r2}
 o - 2 scrolls of fog
 r - 2 scrolls of random uselessness
 w - a scroll of noise {unknown}
 A - 2 scrolls of immolation {!r}
 J - a scroll of enchant weapon {unknown}
 K - 2 scrolls of enchant armour
 L - a scroll of identify {@r1}
 M - a scroll of vulnerability {unknown}
Potions
 e - 2 potions of heal wounds {@q2}
 j - a potion of lignification {!q}
 m - 3 potions of curing {@q1}
 n - a potion of flight
 u - 2 potions of haste {@q3}
 E - 2 potions of might {unknown}
 I - a potion of stabbing
 N - a potion of degeneration {unknown}
 S - a potion of mutation {unknown}
Miscellaneous
 Q - a tin of tremorstones (3/3)
   (You found it on level 10 of the Dungeon)


   Skills:
 + Level 8.3 Fighting
 + Level 7.0 Throwing
 + Level 5.6 Dodging
 - Level 0.3 Stealth
 + Level 11.7 Unarmed Combat


You had 10 spell levels left.
You didn't know any spells.
Your spell library was empty.

Dungeon Overview and Level Annotations

Branches:
Dungeon (11/15)            Temple (0/1) D:7             Orc (0/2) D:9
   Lair: D:8-11

Altars:
Dithmenos
Gozag
Makhleb
Qazlal
Trog
Wu Jian
Zin

Annotations:
D:8 3 runed translucent doors, olaf's ghost, novice GnWn


Innate Abilities, Weirdness & Mutations

You are too large for most types of armour.
You have claws for hands.
Your natural rate of healing is unusually fast.
You are covered in fur. (AC +1)
You have extremely tough skin. (AC +3)


Message History

The meliai stings you but does no damage.
The meliai hits you with a +0 hand axe!
* * * LOW HITPOINT WARNING * * *
The meliai stings you but does no damage.
You claw the meliai!
You kill the meliai!
Trog accepts your kill.
Your base Throwing skill increases to level 7!
The meliai closely misses you. The meliai misses you.
The meliai hits you with a +0 war axe!
* * * LOW HITPOINT WARNING * * *
The meliai closely misses you.
You mangle the meliai!!
The meliai calls down the wrath of its god upon you.
Something smites you!
* * * LOW HITPOINT WARNING * * *
You mangle the meliai!!
You kill the meliai!
Trog accepts your kill.
Your life force feels restored.
The meliai invokes the aid of its god against you.
Something smites you!
* * * LOW HITPOINT WARNING * * *
The electric eel shoots out a bolt of lightning at you!
The bolt of electricity hits you!
* * * LOW HITPOINT WARNING * * *
You are too berserk!
Unknown command.
Okay, then.
You barely miss the meliai. You block the meliai's attack.
The meliai closely misses you.
Unknown command.
You closely miss the meliai. You claw the meliai.
You block the meliai's attack. The meliai closely misses you.
Unknown command.
You mangle the meliai!!
You kill the meliai!
Trog accepts your kill.
Unknown command.
The electric eel shoots out a bolt of lightning at you!
The bolt of electricity hits you!
* * * LOW HITPOINT WARNING * * *
You feel a strong urge to attack something.
Unknown command.
You are no longer berserk.
You are exhausted.
You feel yourself slow down.
The electric eel shoots out a bolt of lightning at you!
The bolt of electricity hits you!
You die...

#### #######.........
##................
.............≈....
#.......^....≈... .##
#..........≈≈≈...
....#######........≈≈≈≈....
......)...@..........≈≈....
###..)...#.[..............
≈≈....)...#####.#..........
≈≈≈#......# #.#....<....#
≈≈≈;......# #.#.###......
≈≈≈##.....# #.#.#........
≈≈ #.....# #.#.#........ ≈
#.....# #.#....##.#.#
....... #.#.).....#.#


You could see an electric eel.

Vanquished Creatures
  Erica (D:8)
  A tengu warrior (D:10)
  Nergalle (D:11)
  An ugly thing (D:10)
  The ghost of Somebody the Sneak, a novice DDDe (D:4)
  Psyche (D:8)
  A hornet (D:10)
  2 trolls (D:11)
  3 meliai (D:11)
  A hippogriff (D:7)
  9 yaks
  A shadow (D:10)
  A porcupine (D:11)
  3 ice beasts
  An orc warrior (D:9)
  A sky beast (D:7)
  2 centaurs
  7 ogres
  A phantom (D:5)
  4 big kobolds
  11 bullfrogs
  A gnoll sergeant (D:8)
  3 killer bees (D:8)
  6 scorpions
  4 howler monkeys
  10 wights
  A centaur zombie (D:10)
  2 quasits
  3 jellies
  3 orc priests
  4 hounds
  A bullfrog skeleton (D:9)
  2 orc wizards
  5 worker ants
  A hound skeleton (D:8)
  10 gnolls
  A river rat (D:5)
  13 adders
  2 shadow imps (D:6)
  2 white imps
  2 ufetubi
  3 oozes
  2 adder skeletons
  2 worms
  5 dart slugs
  5 leopard geckos
  30 orcs
  13 giant cockroaches
  9 goblins
  5 hobgoblins
  6 jackals
  19 kobolds
  7 quokkas
  A ball python (D:3)
  7 bats
  8 frilled lizards
  4 rats
256 creatures vanquished.

Vanquished Creatures (others)
  5 plants (D:8)
5 creatures vanquished.

Grand Total: 261 creatures vanquished

Notes
Turn   | Place    | Note
-------+----------+-------------------------------------------
     0 | D:1      | Apogee the Troll Hunter began the quest for the Orb.
     0 | D:1      | Reached XP level 1. HP: 19/19 MP: 0/0
   174 | D:1      | Reached skill level 1 in Unarmed Combat
   180 | D:1      | Reached XP level 2. HP: 21/28 MP: 1/1
   255 | D:1      | Reached skill level 2 in Unarmed Combat
   366 | D:1      | Reached XP level 3. HP: 34/35 MP: 2/2
   823 | D:2      | Reached skill level 3 in Unarmed Combat
   823 | D:2      | Reached XP level 4. HP: 44/44 MP: 3/3
  1144 | D:2      | Found a faded altar of an unknown god.
  1320 | D:2      | Found a bloodstained altar of Trog.
  1455 | D:2      | Became a worshipper of Trog the Wrathful
  1500 | D:3      | Reached XP level 5. HP: 50/50 MP: 4/4
  1907 | D:3      | Reached skill level 4 in Unarmed Combat
  2270 | D:4      | Noticed an ogre
  2588 | D:5      | Entered Level 5 of the Dungeon
  2621 | D:4      | Found a glowing silver altar of Zin.
  2623 | D:4      | Noticed an ice beast
  2636 | D:4      | Killed an ice beast
  2636 | D:4      | Reached skill level 5 in Unarmed Combat
  2636 | D:4      | Reached XP level 6. HP: 48/61 MP: 5/5
  2718 | D:4      | Found an opulent altar of Gozag.
  2922 | D:4      | Reached XP level 7. HP: 59/68 MP: 6/6
  3074 | D:4      | Reached skill level 6 in Unarmed Combat
  3170 | D:4      | Found an ornate altar of the Wu Jian Council.
  3178 | D:4      | Reached * piety under Trog
  3421 | D:5      | Reached skill level 7 in Unarmed Combat
  3508 | D:5      | Noticed Somebody's ghost (novice DDDe)
  3509 | D:5      | Found a transporter.
  3598 | D:5      | Found a transporter.
  4075 | D:5      | Reached XP level 8. HP: 76/79 MP: 7/7
  4328 | D:5      | Reached ** piety under Trog
  4328 | D:5      | Reached skill level 8 in Unarmed Combat
  4374 | D:4      | Killed Somebody's ghost
  4374 | D:4      | Reached skill level 5 in Fighting
  4574 | D:6      | Reached skill level 9 in Unarmed Combat
  4726 | D:6      | Reached XP level 9. HP: 87/89 MP: 8/8
  5566 | D:7      | Reached skill level 10 in Unarmed Combat
  6017 | D:7      | Found a staircase to the Ecumenical Temple.
  6315 | D:8      | Found a runed translucent gate.
  6316 | D:8      | Found a runed translucent gate.
  6317 | D:8      | Found a runed translucent gate.
  6318 | D:8      | Noticed a nine-headed hydra
  6318 | D:8      | Noticed olaf's ghost (novice GnWn)
  6388 | D:8      | Reached *** piety under Trog
  6503 | D:8      | Noticed Psyche
  6516 | D:8      | Killed Psyche
  6717 | D:8      | Noticed Erica
  6731 | D:8      | Killed Erica
  6731 | D:8      | Reached skill level 5 in Throwing
  6731 | D:8      | Reached XP level 10. HP: 60/102 MP: 9/9
  7741 | D:9      | Reached skill level 11 in Unarmed Combat
  7757 | D:9      | Found a staircase to the Orcish Mines.
  8178 | D:9      | Found a stormy altar of Qazlal.
  8209 | D:10     | Entered Level 10 of the Dungeon
  8308 | D:10     | Reached **** piety under Trog
  8356 | D:10     | Noticed a tengu warrior
  8356 | D:10     | Noticed a red ugly thing
  8364 | D:10     | Killed a red ugly thing
  8376 | D:10     | Killed a tengu warrior
  8376 | D:10     | Reached skill level 5 in Dodging
  8381 | D:10     | Got an encrusted shortbow
  8383 | D:10     | Got a fine dagger
  8535 | D:10     | Found a shadowy altar of Dithmenos.
  8692 | D:10     | Reached XP level 11. HP: 111/111 MP: 10/10
  8883 | D:10     | Found a burning altar of Makhleb.
  9082 | D:11     | Noticed Nergalle
  9087 | D:11     | Killed Nergalle
  9339 | D:11     | HP: 6/169 [electric eel/bolt of electricity (11)]
  9341 | D:11     | Killed from afar by an electric eel

Illustrated notes

Levels and vault maps discovered:
D:1:      heliophobic_arrival_ceremonial_halls, layout_loops_ring
D:2:      layout_loops_ring, marbit_many_paths,
          chequers_ecumenical_altar_simple_redux, chequers_serial_rivers_room_a,
          minmay_misc_feat_rows
D:3:      layout_basic, grunt_decor_fettered
D:4:      layout_basic, lemuel_crystal_altar, lemuel_crystal_altar,
          old_standard_altar
D:5:      layout_loops_ring, gammafunk_ghost_arena, gup_sewer_entry_spiral
D:6:      layout_loops_ring, minmay_holes, minivault_4
D:7:      layout_gridville, minmay_temple_entry_glassed_door
D:8:      layout_basic, nicolae_ossuary_entry_ruins, gammafunk_ghost_hydra_chop,
          roderic_serpentine_path, uniq_erica, uniq_psyche
D:9:      layout_basic, david_orc_2, nicolae_qazlal_eye_of_the_storm
D:10:     minmay_the_grid_triangle_9x9_recursive_2
          [minmay_the_grid_triangle_9x9_prize_center,
          minmay_the_grid_triangle_9x9_corruption,
          minmay_the_grid_triangle_9x9_sprig,
          minmay_the_grid_triangle_9x9_checkered], layout_long_grid,
          basic_altar, david_defended_altar_elf
D:11:     layout_basic, grunt_lair_entry_orc_guard_hut, uniq_nergalle

Skill      XL: |  1  2  3  4  5  6  7  8  9 10 11 |
---------------+----------------------------------+-----
Unarmed Combat | 1 2 3 5 7 9 10 11 | 11.7
Fighting       | 2 3 4 5 7 8 |  8.3
Dodging        | 3 5 |  5.6
Throwing       | 5 6 7 |  7.0
Stealth        | |  0.3

Action                   |  1- 3 |  4- 6 |  7- 9 | 10-12 || total
-------------------------+-------+-------+-------+-------++-------
Melee: Unarmed           |   109 |   168 |   311 |   176 ||   764
       Short sword       |     2 |       |       |       ||     2
       Punch             |       |     4 |     5 |    11 ||    20
Throw: Dart              |       |       |     2 |       ||     2
       Large rock        |       |       |     1 |       ||     1
Invok: Berserk           |       |       |     5 |     5 ||    10
       Trog's Hand       |       |       |     1 |       ||     1
  Use: Potion            |       |       |     3 |       ||     3
       Scroll            |       |       |    12 |     3 ||    15
 Stab: Sleeping          |       |     1 |     1 |       ||     2
       Distracted        |       |     1 |       |       ||     1
Armor: Robe              |    31 |    59 |    88 |    43 ||   221
       Troll leather arm |       |       |       |    13 ||    13
Dodge: Dodged            |    67 |    79 |   132 |   124 ||   402
Block: Other             |       |       |     3 |    45 ||    48
       Reflection        |       |       |       |     1 ||     1

Table legend: (Time is in decaauts)
 A = Elapsed time spent in this place.
 B = Non-inter-level travel time spent in this place.
 C = Inter-level travel time spent in this place.
 D = Time resting spent in this place.
 E = Time spent auto-exploring this place.
 F = Levels seen in this place.
 G = Mean time per level.
                   A        B        C        D        E       F      G
               +--------+--------+--------+--------+--------+-----+--------+
         Total |   9338 |   8878 |    460 |    730 |   6415 |  11 |  848.9 |
       Dungeon |   9338 |   8878 |    460 |    730 |   6415 |  11 |  848.9 |
               +--------+--------+--------+--------+--------+-----+--------+

Top non-repeatable levels by time:
     D:5: 1282 daAuts
     D:8: 1042 daAuts
     D:4: 1017 daAuts
     D:7: 932 daAuts
     D:9: 920 daAuts
     D:3: 899 daAuts
    D:10: 868 daAuts
     D:2: 767 daAuts
     D:1: 699 daAuts
     D:6: 644 daAuts
    D:11: 264 daAuts
